 Dungeon Crawl Stone Soup version 0.28.0 (webtiles) character file.

Game seed: 7125828651897210013

736 issech the Cudgeller (level 7, 0/68 HPs)
             Began as a Troll Monk on Feb 12, 2022.
             Succumbed to a scorpion's poison
             ... on level 5 of the Dungeon.
             The game lasted 00:12:20 (4168 turns).

issech the Cudgeller (Troll Monk)                   Turns: 4168, Time: 00:12:21

Health: 0/68       AC:  5    Str: 20    XL:     7   Next: 46%
Magic:  6/6        EV:  9    Int:  6    God:
Gold:   230        SH:  7    Dex: 14    Spells: 6/6 levels left

rFire   x . .      SeeInvis .   a - +0 mace
rCold   + . .      Faith    .   t - +0 kite shield
rNeg    . . .      Spirit   .   b - +0 robe
rPois   .          Reflect  .   c - +1 hat
rElec   .          Harm     .   (no cloak)
rCorr   .          Rampage  .   (gloves unavailable)
Will    .....                   (boots unavailable)
Stlth   ++........              (no amulet)
HPRegen 1.01/turn               k - ring of ice
MPRegen 0.10/turn               (no ring)

@: lethally poisoned (0 -> -2)
A: large, unfitting armour, claws 3, regeneration 1, shaggy fur 1, tough skin 1
a: no special abilities


You were on level 5 of the Dungeon.
You visited 1 branch of the dungeon, and saw 5 of its levels.

You collected 230 gold pieces.

Inventory:

Hand Weapons
 a - a +0 mace (weapon)
 l - a +0 hunting sling of flaming
 s - a +0 falchion of holy wrath
 v - a +0 giant club
Missiles
 d - 101 arrows
 e - 24 bolts
 g - 70 stones (quivered)
 w - 34 sling bullets
Armour
 b - a +0 robe (worn)
 c - a +1 hat (worn)
 t - a +0 kite shield (worn)
Jewellery
 k - a ring of ice (left claw)
Wands
 r - a wand of digging (2)
Scrolls
 f - 3 scrolls of enchant weapon {unknown}
 h - a scroll of teleportation {unknown}
 m - a scroll of noise {unknown}
 p - 3 scrolls of identify {unknown}
 x - a scroll of amnesia {unknown}
 y - a scroll of blinking {unknown}
Potions
 i - a potion of degeneration {unknown}
 j - 2 potions of haste {unknown}
 n - a potion of attraction {unknown}
 o - 2 potions of heal wounds {unknown}
 q - a potion of mutation {unknown}
 u - a potion of curing {unknown}


   Skills:
 + Level 3.8 Fighting
 + Level 5.6 Maces & Flails
 + Level 3.9 Dodging
 + Level 1.6 Stealth
 + Level 1.9 Shields


You had 6 spell levels left.
You didn't know any spells.
Your spell library contained the following spells:

 Spells                   Type           Power      Damage    Failure   Level
 Magic Dart               Conj           0%         1d3       77%         1
 Sandblast                Erth           0%         2d4       77%         1
 Passwall                 Tmut/Erth      0%         N/A       88%         2
 Searing Ray              Conj           0%         2d4       88%         2
 Static Discharge         Conj/Air       0%         N/A       88%         2
 Ozocubu's Armour         Ice            0%         N/A       98%         3
 Stone Arrow              Conj/Erth      0%         3d7       98%         3
 Fulminant Prism          Conj/Hex       0%         3d6       100%        4
 Lightning Bolt           Conj/Air       0%         1d11      100%        5
 Ozocubu's Refrigeration  Ice            0%         4d5       100%        7
 Maxwell's Capacitive Co  Air            0%         ∞         100%        8


Dungeon Overview and Level Annotations

Branches:
Dungeon (5/15)
 Temple: D:4-7

Altars:

Shops:
D:1 *


Innate Abilities, Weirdness & Mutations

You are too large for most types of armour.
You have claws for hands.
Your natural rate of healing is unusually fast.
You are covered in fur. (AC +1)
You have tough skin. (AC +1)


Message History

The adder is severely wounded.
The scorpion stings you.
You are poisoned.
The scorpion poisons you! You block the adder's attack.
The scorpion stings you. The adder barely misses you.
You feel very sick.
You feel very sick.
You feel sick. The adder closely misses you.
You feel sick.
You hit the scorpion.
The scorpion is moderately wounded.
You feel sick. You block the scorpion's attack. The scorpion stings you.
You are more poisoned.
The scorpion poisons you!
You feel very sick.
You feel very sick. The scorpion stings you.
You are more poisoned.
The scorpion poisons you!
You feel very sick.
You feel very sick. The scorpion stings you!
You are more poisoned.
The scorpion poisons you!
You feel very sick.
You feel very sick.
You feel very sick.
You feel very sick. The scorpion stings you!
* * * LOW HITPOINT WARNING * * *
You are lethally poisoned!
The scorpion poisons you!
* * * LOW HITPOINT WARNING * * *
You feel very sick.
* * * LOW HITPOINT WARNING * * *
You feel very sick.
* * * LOW HITPOINT WARNING * * *
You feel very sick. The scorpion barely misses you.
You die...

#......# #.##.....# #. ###....###
#.......####.
#......###....#.......
#........#....#.......
#........#....##......
###..........#..##.....
#......#..).)#..#...... ####
#........##)###..#.##.. ##
###..###...s.@..##............
#.##....##....S#.#...............
...............####.[..#....##...
......##.#.#...# ....##.....##..
...#.#####.#....##......##... #..
.. #...# .......##..##.. ... ..
...#..###..##....... .. .. ..
....!/# ........... ##
#.....#..... ..###. ... ..


You could see a scorpion and an adder.

Vanquished Creatures
  A sky beast (D:5)
  2 ogres (D:4)
  A phantom (D:4)
  A scorpion (D:5)
  A water moccasin zombie (D:5)
  A hound (D:4)
  Terence (D:3)
  An iguana (D:5)
  2 orc wizards (D:5)
  A hound skeleton (D:4)
  4 adders
  3 gnolls (D:4)
  2 howler monkey skeletons (D:4)
  2 worms
  2 dart slugs (D:1)
  6 orcs
  6 ball pythons
  5 endoplasms
  A giant cockroach (D:1)
  5 goblins
  5 hobgoblins
  4 kobolds
  2 quokkas
  2 bats (D:1)
  5 frilled lizards
  7 rats
73 creatures vanquished.

Notes
Turn   | Place    | Note
-------+----------+-------------------------------------------
     0 | D:1      | issech the Troll Monk began the quest for the Orb.
     0 | D:1      | Reached XP level 1. HP: 22/22 MP: 0/0
   173 | D:1      | Found Mownubuq's General Store.
   177 | D:1      | Reached XP level 2. HP: 29/29 MP: 1/1
   451 | D:1      | Found a faded altar of an unknown god.
   521 | D:1      | Reached skill level 3 in Maces & Flails
  1105 | D:2      | Reached XP level 3. HP: 36/36 MP: 2/2
  1881 | D:3      | Noticed Terence
  1902 | D:3      | Killed Terence
  1903 | D:3      | Reached XP level 4. HP: 28/44 MP: 3/3
  2563 | D:4      | Noticed an ogre
  2580 | D:4      | Killed an ogre
  2581 | D:4      | Reached skill level 4 in Maces & Flails
  2581 | D:4      | Reached XP level 5. HP: 24/53 MP: 4/4
  2961 | D:4      | Noticed an ogre
  2964 | D:4      | Noticed a phantom
  3011 | D:4      | Killed an ogre
  3012 | D:4      | Reached skill level 1 in Shields
  3012 | D:4      | Reached XP level 6. HP: 52/61 MP: 5/5
  3041 | D:4      | Reached skill level 5 in Maces & Flails
  3650 | D:5      | Entered Level 5 of the Dungeon
  3734 | D:5      | Noticed a sky beast
  3746 | D:5      | Reached XP level 7. HP: 67/67 MP: 6/6
  4166 | D:5      | HP: 3/68 [poisoned by a scorpion]
  4167 | D:5      | HP: 1/68 [poisoned by a scorpion]
  4168 | D:5      | Succumbed to a scorpion's poison

Illustrated notes

Levels and vault maps discovered:
D:1:      elethiomel_arrival_quiet, layout_basic, serial_shops, shop,
          shapermc_ecumenical_altar_gd, st_stairs_14, minmay_pentomino_x4
D:2:      layout_basic, serial_curves, eino_curves_02, eino_curves_03,
          minmay_misc_feat_iff
D:3:      layout_basic, serial_rivers, chequers_serial_rivers_micro_b,
          chequers_serial_rivers_marsh, chequers_serial_rivers_room_a,
          chequers_serial_rivers_small_b, chequers_serial_rivers_small_a,
          chequers_serial_rivers_micro_a, uniq_terence
D:4:      layout_basic, kennysheep_nub, st_stairs_1, minmay_tree_intersection
D:5:      layout_cave_pools

Skill      XL: |  1  2  3  4  5  6 |
---------------+-------------------+-----
Maces & Flails | 3 4 5 |  5.6
Fighting       | 3 |  3.8
Dodging        | 3 |  3.9
Shields        | 1 |  1.9
Stealth        | |  1.6

Action                   |  1- 3 |  4- 6 |  7- 9 || total
-------------------------+-------+-------+-------++-------
Melee: Mace              |   101 |   158 |    76 ||   335
       Punch             |     2 |       |       ||     2
 Stab: Sleeping          |     3 |     1 |       ||     4
Armor: Robe              |    45 |    40 |    26 ||   111
Dodge: Dodged            |    57 |    57 |    26 ||   140
Block: Kite shield       |       |    69 |    19 ||    88
